 Dungeon Crawl Stone Soup version 0.18-a0-670-g393520a (webtiles) character file.

668 Proton the Shield-Bearer (level 7, -1/55 HPs)
             Began as a Formicid Fighter on Dec 6, 2015.
             Succumbed to a water moccasin's poison
             ... on level 5 of the Dungeon.
             The game lasted 00:06:15 (4028 turns).

Proton the Shield-Bearer (Formicid Fighter)         Turns: 4028, Time: 00:06:15

Health: -1/55      AC: 11    Str: 23    XL:     7   Next: 88%
Magic:  7/7        EV:  8    Int:  7    God:
Gold:   141        SH: 10    Dex: 10    Spells: 0 memorised, 6 levels left

rFire  . . .     SeeInvis +     a - +0 war axe
rCold  . . .     Clarity  .     s - +0 chain mail
rNeg   . . .     SustAt   .     c - +0 shield
rPois  .         Gourm    .     (helmet unavailable)
rElec  .         Spirit   .     (no cloak)
rCorr  .         Dismiss  +     (no gloves)
rMut   .         Stasis   +     r - +0 pair of boots
MR     .....                    n - amulet of dismissal
Stlth  ..........               (no ring)
                                (no ring)

@: lethally poisoned (-1 -> -21), not resistant to hostile enchantments,
extremely unstealthy
A: permanent stasis, dig shafts and tunnels, four strong arms, antennae 3
a: Dig, Shaft Self


You were on level 5 of the Dungeon.
You were not hungry.

You visited 1 branch of the dungeon, and saw 5 of its levels.

You collected 141 gold pieces.

Inventory:

Hand Weapons
 a - a +0 war axe (weapon)
Armour
 c - a +0 shield (worn)
 r - a +0 pair of boots (worn)
 s - a +0 chain mail (worn)
Jewellery
 n - an amulet of dismissal (around neck)
Scrolls
 f - a scroll of teleportation {unknown}
 i - 2 scrolls of remove curse {unknown}
 l - a scroll of enchant armour {unknown}
 o - a scroll of recharging {unknown}
 p - a scroll of blinking {unknown}
 q - 2 scrolls of magic mapping {unknown}
 u - a scroll of fear {unknown}
Potions
 b - a potion of resistance {unknown}
 d - 2 potions of might
 j - a potion of invisibility {unknown}
 k - 3 potions of brilliance
 m - a potion of ambrosia {unknown}
 t - a potion of agility {unknown}
Comestibles
 e - 2 bread rations
 g - 4 fruits
 h - 4 meat rations


   Skills:
 + Level 4.3 Fighting
 + Level 4.3 Axes
 + Level 4.9 Armour
 + Level 2.8 Dodging
 + Level 0.3 Stealth
 + Level 6.2 Shields


You had 6 spell levels left.
You didn't know any spells.

Dungeon Overview and Level Annotations

Branches:
Dungeon (5/15)
 Temple: D:4-7

Altars:
Elyvilon
Fedhas
Okawaru
Qazlal
Trog


Innate Abilities, Weirdness & Mutations

You are under a permanent stasis effect.
You can dig through walls and to a lower floor.
Your four strong arms can wield two-handed weapons with a shield.
You have a pair of large antennae on your head (SInv).


Message History

The water moccasin barely misses you. You block the water moccasin's attack.
You barely miss the water moccasin.
The water moccasin is severely wounded.
* * * LOW HITPOINT WARNING * * *
You feel sick. You block the water moccasin's attack.
The water moccasin bites you but does no damage.
You barely miss the water moccasin.
The water moccasin is severely wounded.
* * * LOW HITPOINT WARNING * * *
You feel very sick.
The water moccasin bites you but does no damage. x2
You barely miss the water moccasin.
The water moccasin is severely wounded.
* * * LOW HITPOINT WARNING * * *
You feel very sick. You block the water moccasin's attack.
The water moccasin bites you but does no damage.
You barely miss the water moccasin.
The water moccasin is heavily wounded.
You die...

### ..# #### #.#
#####... #.#
#......# #.#
#......#
####.###......#
###.......o.....#
##S#.##.##.......#
#@#{.##.##.......#
####.<..##.#######
#.#####.#
#.#####.#
#<......#
#.#######
#.......#
#######.#


You could see a water moccasin.

Vanquished Creatures
  A scorpion (D:4)
  A centaur skeleton (D:4)
  A crimson imp (D:5)
  2 orc priests (D:4)
  8 orc wizards
  An iguana (D:3)
  2 worker ants
  A hound skeleton (D:4)
  8 adders
  An ooze (D:4)
  2 worms (D:3)
  A giant gecko (D:4)
  21 orcs
  6 hobgoblins
  13 jackals
  8 kobolds
  3 quokkas
  2 ball pythons
  7 bats
  6 giant cockroaches
  5 giant newts
  9 goblins
  11 rats
120 creatures vanquished.

Notes
Turn   | Place    | Note
--------------------------------------------------------------
     0 | D:1      | Proton the Formicid Fighter began the quest for the Orb.
     0 | D:1      | Reached XP level 1. HP: 18/18 MP: 1/1
   230 | D:1      | Reached XP level 2. HP: 24/24 MP: 2/2
   240 | D:1      | Reached skill level 4 in Shields
   402 | D:1      | Reached XP level 3. HP: 29/29 MP: 3/3
   650 | D:1      | Reached skill level 1 in Dodging
   809 | D:2      | Reached XP level 4. HP: 22/35 MP: 4/4
  1029 | D:2      | You fall through a shaft for 2 floors!
  1379 | D:2      | Found a white marble altar of Elyvilon.
  1739 | D:3      | Reached XP level 5. HP: 21/41 MP: 5/5
  1990 | D:3      | Reached skill level 5 in Shields
  2142 | D:3      | Reached XP level 6. HP: 14/48 MP: 6/6
  3025 | D:4      | Reached XP level 7. HP: 38/54 MP: 7/7
  3496 | D:4      | Found a stormy altar of Qazlal.
  3501 | D:4      | Found a blossoming altar of Fedhas.
  3562 | D:4      | Found an iron altar of Okawaru.
  3563 | D:4      | Found a bloodstained altar of Trog.
  3747 | D:4      | Reached skill level 6 in Shields
  3888 | D:5      | Entered Level 5 of the Dungeon
  4027 | D:5      | HP: 1/55 [poisoned by a water moccasin]
  4028 | D:5      | Succumbed to a water moccasin's poison

Vault maps used:
D:1:      tarquinn_simple_flora_water_e
D:2:      marbit_many_paths
D:4:      grunt_temple_overflow_bloody_war,
          grunt_temple_overflow_forces_of_nature, first_bread
D:5:      yredelemnul_forgotten_temple_becter, kiku_gazebo_pond_becter,
          overflow_temple_1_default, lemuel_doored_altar

Action                   |  1- 3 |  4- 6 |  7- 9 || total
-------------------------+-------+-------+-------++-------
Melee: War axe           |   114 |   202 |   131 ||   447
 Abil: Dig               |       |     1 |     2 ||     3
  Use: Potion            |       |     3 |       ||     3
  Eat: Bread ration      |       |     2 |     1 ||     3
